 Dungeon Crawl Stone Soup version 0.18-a0-1220-g2dc6208 (webtiles) character file.

51915 RedPan the Markscentaur (level 14, -1/125 HPs)
             Began as a Centaur Hunter on Feb 2, 2016.
             Was a High Priest of Okawaru.
             Slain by an ice devil (14 damage)
             ... summoned by an orc sorcerer
             ... on level 2 of the Orcish Mines on Feb 3, 2016.
             The game lasted 01:39:11 (36198 turns).

RedPan the Markscentaur (Centaur Hunter)           Turns: 36198, Time: 01:39:11

Health: -1/125     AC: 28    Str: 16    XL:     14   Next: 25%
Magic:  21/21      EV:  6    Int: 10    God:    Okawaru [*****.]
Gold:   1289       SH:  3    Dex: 14    Spells: 0 memorised, 13 levels left

rFire  + + .     SeeInvis .     t - +3 dagger (venom)
rCold  . . .     Gourm    .     I - +4 chain mail {rF+}
rNeg   . . .     Faith    .     (no shield)
rPois  +         Spirit   .     l - +2 helmet
rElec  .         Dismiss  .     u - +0 cloak {+Inv}
rCorr  .         Reflect  +     P - +0 pair of gloves
SustAt .         Harm     .     K - +2 centaur barding {Fly}
MR     +....                    j - +3 amulet of reflection
Stlth  ..........               q - ring of protection from fire
                                R - ring of poison resistance

@: flying, drained, very quick, somewhat resistant to hostile enchantments,
extremely unstealthy
A: hooves 3, rugged brown scales 1, deformed body, speed 2, tough skin 3
a: Heroism, Finesse, Renounce Religion, Evoke Invisibility, Stop Flying


You were on level 2 of the Orcish Mines.
You worshipped Okawaru.
Okawaru was extremely pleased with you.
You were hungry.

You visited 4 branches of the dungeon, and saw 22 of its levels.

You collected 1609 gold pieces.
You spent 320 gold pieces at shops.

Inventory:

Hand Weapons
 a - a +1 shortbow
 t - a +3 dagger of venom (weapon)
Missiles
 d - 73 arrows (quivered)
 z - 37 arrows of frost
 B - 38 poisoned arrows
 S - 7 arrows of flame
Armour
 l - a +2 helmet (worn)
 u - a +0 cloak of invisibility (worn)
 I - a +4 chain mail of fire resistance (worn)
 K - a +2 centaur barding of flying (worn)
 P - a +0 pair of gloves (worn)
Jewellery
 j - a +3 amulet of reflection (around neck)
 p - an uncursed ring of sustain attributes
 q - a ring of protection from fire (right hand)
 R - a ring of poison resistance (left hand)
Wands
 b - a wand of disintegration (8/24)
 e - a wand of confusion (26/48)
 i - a wand of flame (18/48)
 m - a wand of paralysis (4/24)
 v - a wand of flame (3/48)
 w - a wand of digging (4/24)
 x - a wand of polymorph (8/24)
 A - a wand of disintegration (13/24)
 Q - a wand of teleportation (4/9)
Scrolls
 g - 7 scrolls of identify
 h - 3 scrolls of remove curse
 k - 2 scrolls of fear
 o - 6 scrolls of teleportation
 r - 3 scrolls of blinking
 s - a scroll of enchant armour
 C - 4 scrolls of magic mapping
 X - a scroll of summoning
Potions
 n - a potion of agility
 G - 2 potions of heal wounds
 N - a potion of resistance
 O - 5 potions of curing
Comestibles
 c - 4 chunks of flesh
 f - 3 bread rations
 D - a slice of pizza


   Skills:
 + Level 10.7(10.2) Fighting
 - Level 8.4(7.8) Short Blades
 + Level 16.1(15.5) Bows
 - Level 8.0(7.4) Armour
 - Level 8.1(7.5) Dodging
 - Level 0.5(0.0) Stealth
 - Level 10.1(9.5) Invocations


You had 13 spell levels left.
You didn't know any spells.

Dungeon Overview and Level Annotations

Branches:
Dungeon (11/15)            Temple (1/1) D:6            Lair (8/8) D:9
  Swamp (0/4) Lair:3       Spider (0/4) Lair:3        Slime (0/6) Lair:6
    Orc (2/2) D:11
    Elf: Orc:2

Altars:
Ashenzari
Cheibriados
Dithmenos
Elyvilon
Fedhas
Gozag
Kikubaaqudgha
Makhleb
Nemelex Xobeh
Okawaru
Pakellas
Qazlal
Ru
Sif Muna
Trog
Vehumet
Xom
Yredelemnul
Zin
The Shining One
Jiyva
Lugonu

Shops:
D:7 *   D:9 =*   D:10 =

Annotations:
D:6 1 runed door


Innate Abilities, Weirdness & Mutations

You have hooves in place of feet.
Armour fits poorly on your strangely shaped body.
You cover ground very quickly.
You have extremely tough skin (AC +3).
You are partially covered in rugged brown scales (AC +1, +3% HP).


Message History

You closely miss the orc sorcerer.
You kick the orc sorcerer, but do no damage.
The orc sorcerer is moderately wounded.
You completely miss the orc sorcerer.
The orc sorcerer is moderately wounded.
The orc sorcerer hits you but does no damage.
You hit the orc sorcerer.
The orc sorcerer looks even sicker.
The orc sorcerer is moderately wounded.
You closely miss the orc sorcerer.
You kick the orc sorcerer, but do no damage.
The orc sorcerer is moderately wounded.
You closely miss the orc sorcerer. Your kick misses the orc sorcerer.
The orc sorcerer is heavily wounded.
The orc sorcerer hits you with a dagger.
* * * LOW HITPOINT WARNING * * *
The orc priest calls upon Beogh to heal something.
The ice devil hits you!
* * * LOW HITPOINT WARNING * * *
The ice devil freezes you!
You die...

....## ####.#####.####.#..###.
.....# #.........)#.)#.#####..
##...######.####.....#.)'.####)..
##....'....#..#..⌠..#..#)..)))..
#....####))..#.....####.####)..
###....####.#..#..........###....
#..)..##..#.####.#####.####.#....
...)..##..'.oo.4o#)..#)# #....#..
....####(.#....#@#)..#.###....#..
....#######....#.##)##.##.#..##..
.#####.........#.......####..##..
.# ##'###'###'###.###'## ###.##.
## #.).#.).#...##'##.)[# ###.#
#...#...#...#8.8#...# #.#
#############...#####. ## ####
####............ ...##
##................


You could see an ice devil, an orc sorcerer, an orc priest and an orc.

Vanquished Creatures
  Maud (Lair:3)
  6 hydras
  A catoblepas (D:11)
  A centaur warrior (D:8)
  Urug (Lair:3)
  5 death yaks (Lair:7)
  An ugly thing (D:10)
  A wolf spider (Lair:4)
  A cyclops (D:8)
  A griffon (Lair:7)
  A manticore (D:11)
  6 elephants (Lair:7)
  A black mamba (Lair:3)
  3 centaur skeletons
  5 spiny frogs
  A kobold demonologist (D:11)
  12 komodo dragons
  A fire drake (Lair:7)
  3 trolls
  3 jumping spiders (Lair:3)
  4 two-headed ogres
  20 blink frogs
  5 giant leeches
  Prince Ribbit (D:6)
  A slime creature (shapeshifter) (D:10)
  Grinder (D:3)
  A polar bear (Lair:7)
  Sigmund (D:2)
  2 redbacks (Lair:3)
  9 hippogriffs
  A wyvern (Lair:7)
  37 yaks
  2 hungry ghosts
  A basilisk (Lair:3)
  2 wargs (D:11)
  A vampire mosquito (D:8)
  Menkaure (D:7)
  19 wolves
  A mottled dragon (D:9)
  16 water moccasins
  A sky beast (D:5)
  10 porcupines
  2 black bears (D:10)
  23 orc warriors
  An ice beast (D:9)
  4 phantoms
  An eye of draining (D:10)
  A wasp (D:10)
  11 crocodiles
  5 centaurs
  13 ogres
  19 giant frogs
  8 big kobolds (D:8)
  2 scorpions (D:6)
  14 killer bees
  7 wights
  2 electric eels
  2 giant frog zombies
  9 crimson imps
  3 centaur zombies
  5 hounds
  16 orc priests
  12 orc wizards
  5 jellies
  Crazy Yiuf (D:7)
  2 giant frog skeletons
  A gnoll shaman (Orc:2)
  9 iguanas
  2 worker ants
  2 killer bee zombies
  2 hound skeletons
  A worker ant zombie (D:6)
  2 gnolls (D:4)
  40 river rats
  16 adders
  2 shadow imps
  12 white imps (Lair:5)
  5 oozes (D:9)
  2 adder skeletons
  6 worms
  12 giant geckos
  85 orcs
  2 ball pythons
  7 bats
  6 giant cockroaches
  7 goblins
  5 hobgoblins
  11 jackals
  6 quokkas
  A giant gecko skeleton (D:6)
  A giant newt (D:4)
  18 kobolds
  6 rats
629 creatures vanquished.

Vanquished Creatures (collateral kills)
  2 komodo dragons (Lair:2)
  A giant frog (Lair:2)
3 creatures vanquished.

Vanquished Creatures (others)
  A giant gecko (D:5)
  A quokka (D:8)
  18 fungi
  20 plants
40 creatures vanquished.

Grand Total: 672 creatures vanquished

Notes
Turn   | Place    | Note
--------------------------------------------------------------
     0 | D:1      | RedPan the Centaur Hunter began the quest for the Orb.
     0 | D:1      | Reached XP level 1. HP: 17/17 MP: 1/1
   299 | D:1      | Reached XP level 2. HP: 19/24 MP: 2/2
   321 | D:1      | Reached skill level 6 in Bows
   891 | D:2      | Reached XP level 3. HP: 27/29 MP: 3/3
  1327 | D:2      | Noticed Sigmund
  1662 | D:2      | Reached skill level 1 in Short Blades
  1693 | D:2      | Found a deep blue altar of Sif Muna.
  1782 | D:2      | Killed Sigmund
  1782 | D:2      | Reached XP level 4. HP: 13/36 MP: 4/4
  1782 | D:2      | Reached XP level 5. HP: 14/41 MP: 5/5
  2147 | D:3      | Reached XP level 6. HP: 12/48 MP: 6/6
  2475 | D:3      | Noticed Grinder
  2477 | D:3      | Paralysed by Grinder for 2 turns
  2512 | D:3      | Killed Grinder
  2512 | D:3      | Reached skill level 5 in Short Blades
  3339 | D:4      | Found a sparkling altar of Nemelex Xobeh.
  3403 | D:4      | Reached XP level 7. HP: 50/55 MP: 7/7
  4121 | D:4      | Found a shadowy altar of Dithmenos.
  4175 | D:4      | Reached skill level 7 in Short Blades
  4605 | D:4      | Found an iron altar of Okawaru.
  4613 | D:4      | Became a worshipper of Warmaster Okawaru
  4873 | D:5      | Entered Level 5 of the Dungeon
  5065 | D:5      | Found an oddly glowing altar of Pakellas.
  5081 | D:5      | Reached XP level 8. HP: 61/63 MP: 8/8
  5300 | D:5      | Found a blossoming altar of Fedhas.
  5406 | D:5      | Reached * piety under Okawaru
  5406 | D:5      | Reached skill level 8 in Bows
  5628 | D:5      | Found a shimmering altar of Xom.
  5838 | D:5      | Reached skill level 9 in Bows
  6004 | D:6      | Reached skill level 5 in Fighting
  6031 | D:6      | Noticed Prince Ribbit
  6180 | D:6      | Killed Prince Ribbit
  6194 | D:6      | Reached ** piety under Okawaru
  6441 | D:6      | Found a glowing silver altar of Zin.
  6441 | D:6      | Noticed an angel
  6442 | D:6      | Found a runed door.
  6550 | D:6      | Reached skill level 10 in Bows
  6723 | D:6      | Found a burning altar of Makhleb.
  6815 | D:6      | Found a staircase to the Ecumenical Temple.
  6830 | Temple   | Entered the Ecumenical Temple
  6933 | Temple   | Reached XP level 9. HP: 51/75 MP: 9/9
  7324 | D:6      | Found an opulent altar of Gozag.
  7538 | D:7      | Reached skill level 11 in Bows
  7594 | D:7      | Noticed Menkaure
  7601 | D:7      | Killed Menkaure
  7688 | D:7      | Noticed Crazy Yiuf
  7699 | D:7      | Killed Crazy Yiuf
  7968 | D:7      | Found Booqah's Serpentskin Sales.
  8001 | D:7      | Reached *** piety under Okawaru
  8383 | D:7      | Found a shattered altar of Ashenzari.
  8634 | D:8      | Noticed a centaur warrior
  8664 | D:8      | HP: 3/75 [centaur warrior (10)]
  8668 | D:8      | Killed a centaur warrior
  8668 | D:8      | Reached skill level 12 in Bows
  8705 | D:8      | Reached **** piety under Okawaru
  8705 | D:8      | Received a gift from Okawaru
  8705 | D:8      | Reached XP level 10. HP: 16/84 MP: 8/10
  9066 | D:8      | Found a white marble altar of Elyvilon.
  9303 | D:8      | Noticed a cyclops
  9314 | D:8      | Killed a cyclops
  9314 | D:8      | Reached skill level 13 in Bows
  9317 | D:8      | Noticed an eight-headed hydra
  9333 | D:8      | Killed an eight-headed hydra
  9333 | D:8      | Received a gift from Okawaru
  9674 | D:8      | Reached ***** piety under Okawaru
 10021 | D:8      | Reached skill level 14 in Bows
 10054 | D:8      | Found a snail-covered altar of Cheibriados.
 10064 | D:8      | Found a glowing silver altar of Zin.
 10202 | D:9      | Reached skill level 1 in Invocations
 10396 | D:9      | Identified a cursed -2 rod of clouds (10/10) (You found it on level 9 of the Dungeon)
 10641 | D:9      | Received a gift from Okawaru
 10990 | D:9      | Found Kauzixiz's General Store.
 11348 | D:9      | Found Tisogoak's Jewellery Boutique.
 11356 | D:9      | Bought an uncursed ring of poison resistance for 320 gold pieces
 11385 | D:9      | Found a bloodstained altar of Trog.
 11411 | D:9      | Reached skill level 5 in Invocations
 12347 | D:9      | Reached XP level 11. HP: 88/94 MP: 7/15
 12376 | D:9      | Found a staircase to the Lair.
 12601 | D:10     | Entered Level 10 of the Dungeon
 13472 | D:10     | Found Perafeitz's Jewellery Shoppe.
 13506 | D:10     | Found an oddly glowing altar of Pakellas.
 14384 | Lair:1   | Entered Level 1 of the Lair of Beasts
 14735 | Lair:1   | Received a gift from Okawaru
 15557 | Lair:2   | Received a gift from Okawaru
 15557 | Lair:2   | Reached skill level 10 in Invocations
 15591 | Lair:2   | Noticed an eight-headed hydra
 15601 | Lair:2   | Killed an eight-headed hydra
 15601 | Lair:2   | Reached skill level 1 in Armour
 17188 | Lair:2   | Reached skill level 5 in Armour
 17188 | Lair:2   | Reached XP level 12. HP: 102/102 MP: 19/19
 18155 | Lair:3   | Found a staircase to the Swamp.
 18507 | Lair:3   | Noticed Urug
 18534 | Lair:3   | Killed Urug
 19435 | Lair:3   | Noticed Maud
 19549 | Lair:3   | Killed Maud
 19549 | Lair:3   | Received a gift from Okawaru
 20617 | Lair:3   | Received a gift from Okawaru
 20923 | Lair:3   | Found a hole to the Spider Nest.
 21715 | Lair:4   | Received a gift from Okawaru
 22214 | Lair:4   | Received a gift from Okawaru
 22567 | Lair:4   | Reached skill level 5 in Dodging
 22879 | Lair:4   | Received a gift from Okawaru
 23758 | Lair:5   | Reached XP level 13. HP: 74/107 MP: 20/20
 24032 | Lair:5   | Received a gift from Okawaru
 24087 | Lair:5   | Found a frozen archway.
 26334 | Lair:6   | Found a viscous altar of Jiyva.
 26335 | Lair:6   | Found a staircase to the Slime Pits.
 26606 | Lair:6   | Gained mutation: You are partially covered in rugged brown scales (AC +1, +3% HP). [potion of beneficial mutation]
 28223 | Lair:7   | Received a gift from Okawaru
 28986 | Lair:7   | Received a gift from Okawaru
 28986 | Lair:7   | Reached skill level 15 in Bows
 30317 | Lair:8   | Entered Level 8 of the Lair of Beasts
 30566 | Lair:2   | Got a steaming ring mail {god gift}
 30577 | Lair:2   | Identified the +1 ring mail "Napisaov" {*Confuse rC+ Str+7 Stlth-} (Okawaru gifted it to you on level 2 of the Lair of Beasts)
 30632 | Lair:2   | Upgraded the game from 0.18-a0-1206-g2bec475 to 0.18-a0-1220-g2dc6208
 30900 | D:10     | Reached skill level 10 in Fighting
 31092 | D:11     | Reached XP level 14. HP: 124/124 MP: 21/21
 31188 | D:11     | Received a gift from Okawaru
 31704 | D:11     | Found a staircase to the Orcish Mines.
 32359 | D:11     | Received a gift from Okawaru
 32590 | Orc:1    | Entered Level 1 of the Orcish Mines
 33544 | Orc:2    | Entered Level 2 of the Orcish Mines
 34607 | Orc:2    | Reached skill level 16 in Bows
 36198 | Orc:2    | Slain by an ice devil

Vault maps used:
D:1:      dpeg_cavernosity
D:2:      marbit_many_paths, minmay_door_square, uniq_sigmund
D:3:      uniq_grinder
D:4:      grunt_dithmenos_shadows, okawaru_ov_weapons_minmay, old_standard_altar
D:5:      fedhas_altar_fruit_tree, lemuel_coloured_pillars_altar, first_bread,
          xom_confusion_cloud
D:6:      nicolae_overflow_hidden_temple, lemuel_doored_altar,
          minmay_temple_entry_grid, lemuel_angel_altar, uniq_prince_ribbit1
D:7:      kennysheep_mini_moat, serial_curves, eino_curves_02, eino_curves_04,
          guppyfry_shop_venom, uniq_crazy_yiuf_cottage, uniq_menkaure
D:8:      minmay_cut_squares, elyvilon_altar_4, amethyst_overflow_temple_binary,
          special_room, nrook_mini_backslash
D:9:      nicolae_overflow_crystal_walls, erik_lair_dragon, serial_shops,
          shop_fountains, shop, hangedman_little_slice_of_home
D:10:     serial_shops, nicolae_shop_behind_doors, grunt_pakellas_salt
D:11:     erik_orc_4, grunt_ministairs_7
Temple:   corrupted_temple
Lair:1:   serial_bayou_lagoon_a, st_stairs_5, lemuel_fruit_tree
Lair:2:   infiniplex_staircase_pool, serial_bayou_shore_a, grunt_megastairs_1
Lair:3:   minmay_swamp_entry_worms, nicolae_spider_entry_tight_spaces,
          uniq_urug, uniq_maud
Lair:4:   minmay_lair_venomous_thicket
Lair:5:   portal_ice_cave_entry_imps
Lair:6:   dpeg_slime_entry_enclosed_altar, grunt_megastairs_3
Lair:7:   grunt_forest_large_clearings
Lair:8:   due_jungle_book, enter_volcano_2, disabler_island
Orc:1:    nicolae_orc_lava_room
Orc:2:    pubby_orc_utopia

Action                   |  1- 3 |  4- 6 |  7- 9 | 10-12 | 13-15 || total
-------------------------+-------+-------+-------+-------+-------++-------
Melee: Short sword       |   109 |       |       |       |       ||   109
       Dagger            |    19 |    72 |   503 |  1073 |  1714 ||  3381
 Fire: Shortbow          |     9 |    27 |   140 |   855 |   542 ||  1573
Invok: Heroism           |       |       |     2 |     7 |     7 ||    16
       Finesse           |       |       |       |     5 |     7 ||    12
  Use: Scroll            |       |     8 |     6 |     6 |     3 ||    23
       Potion            |       |     3 |     6 |     3 |     8 ||    20
 Stab: Distracted        |       |       |       |     1 |       ||     1
  Eat: Chunk             |     2 |     4 |    13 |    28 |    23 ||    70
       Beef jerky        |       |       |     1 |     1 |     1 ||     3
       Meat ration       |       |       |     1 |     1 |     1 ||     3
       Fruit             |       |       |       |     4 |     4 ||     8
       Bread ration      |       |       |       |     1 |     2 ||     3
